 Dungeon Crawl Stone Soup version 0.20.1-1-g8b1a95d (webtiles) character file.

168 Gremour the Slasher (level 5, -10/32 HPs)
             Began as a Gargoyle Fighter on Nov 13, 2017.
             Mangled by an ogre
             ... wielding a +0 giant spiked club
              (25 damage)
             ... on level 3 of the Dungeon.
             The game lasted 00:11:23 (2734 turns).

Gremour the Slasher (Gargoyle Fighter)              Turns: 2734, Time: 00:11:24

Health: -10/32     AC:  9    Str: 25    XL:     5   Next: 49%
Magic:  5/5        EV:  8    Int:  8    God:
Gold:   160        SH:  9    Dex: 10    Spells: 4/4 levels left

rFire    . . .     SeeInvis .   a - +1 long sword
rCold    + . .     Gourm    .   c - +0 shield
rNeg     + . .     Faith    .   n - +2 leather armour {rC+}
rPois    ∞         Spirit   .   (no helmet)
rElec    +         Reflect  .   (no cloak)
rCorr    .         Harm     .   (no gloves)
MR       .....                  (no boots)
Stlth    +.........             (no amulet)
Regen    0.1/turn               (no ring)
MPRegen  0.1/turn               (no ring)

@: mighty
A: negative energy resistance 1, electricity resistance, unbreathing,
petrification resistance, rot immunity, AC +4
a: no special abilities


You were on level 3 of the Dungeon.
You were not hungry.

You visited 1 branch of the dungeon, and saw 3 of its levels.

You collected 160 gold pieces.

Inventory:

Hand Weapons
 a - a +1 long sword (weapon)
Missiles
 j - 7 tomahawks (quivered)
Armour
 b - a +0 scale mail
 c - a +0 shield (worn)
 n - a +2 leather armour of cold resistance (worn)
Magical Staves
 i - an uncursed staff of air {unknown}
Scrolls
 g - 3 scrolls of teleportation
 k - 2 scrolls of identify
Potions
 e - 3 potions of curing
Comestibles
 f - 4 bread rations
 l - 3 fruits
 o - a meat ration


   Skills:
 - Level 3.2 Fighting
 + Level 5.0 Long Blades
 - Level 3.2 Armour
 - Level 3.2 Shields


You had 4 spell levels left.
You didn't know any spells.

Dungeon Overview and Level Annotations

Branches:
Dungeon (3/15)

Altars:
Kikubaaqudgha
Nemelex Xobeh
The Shining One


Innate Abilities, Weirdness & Mutations

You are resistant to torment.
Your stone body is resilient. (AC +4)
You are immune to poison.
You resist negative energy. (rN+)
You are resistant to electric shocks. (rElec)
You can survive without breathing.
You are immune to petrification.
You are immune to rotting.


Message History

Found a long sword.
Found a stone staircase leading down.
You see here a long sword.
You see here a long sword.
There is a stone staircase leading down here.
f - 4 bread rations (gained 1)
An ogre comes into view. It is wielding a giant spiked club.
The ogre shouts!
It was a potion of cancellation.
You feel magically purged.
You slash the ogre!
The ogre is moderately wounded.
The ogre hits you with a giant spiked club!!
Ouch! That really hurt!
You barely miss the ogre.
The ogre is moderately wounded.
You block the ogre's attack.
All of the chunks of flesh in your inventory have rotted away.
You feel very mighty all of a sudden.
The ogre hits you with a giant spiked club!!
Ouch! That really hurt!
You die...

*********,,,,,*
,,,,,*
**,***,********
****,* *,,*
*,,,,,,,,* *,*
*,,###,******,*
*,***,,...,******,*
*,,,,,*#..,,,,,,,,*
*******#.#*********
#.########
#....O@..#
#.######.# #.# #.#
#.# #.############
#.# #.......>.)..#
#.# #..#########.#
****** #.#
###..###### #.#
,,,,,*
#.#**#.........#
#†# ****,*
#......#..####.#
#.#


You could see an ogre.

Vanquished Creatures
  An iguana (D:3)
  5 adders
  3 gnolls (D:3)
  An ooze (D:3)
  A worm (D:2)
  A dart slug (D:1)
  A leopard gecko (D:3)
  An orc (D:3)
  A ball python (D:3)
  6 bats
  2 giant cockroaches
  6 goblins
  5 hobgoblins
  4 jackals (D:1)
  7 kobolds
  A quokka (D:2)
  7 frilled lizards
  6 rats
59 creatures vanquished.

Vanquished Creatures (others)
  A withered plant (D:2)
1 creature vanquished.

Grand Total: 60 creatures vanquished

Notes
Turn   | Place    | Note
-------+----------+-------------------------------------------
     0 | D:1      | Gremour the Gargoyle Fighter began the quest for the Orb.
     0 | D:1      | Reached XP level 1. HP: 14/14 MP: 1/1
    81 | D:1      | Reached skill level 2 in Long Blades
   237 | D:1      | Reached XP level 2. HP: 18/19 MP: 2/2
   763 | D:1      | Reached skill level 3 in Long Blades
   780 | D:1      | Reached XP level 3. HP: 23/23 MP: 3/3
  1088 | D:2      | Reached XP level 4. HP: 27/28 MP: 4/4
  1233 | D:2      | Found a sparkling altar of Nemelex Xobeh.
  1308 | D:2      | Reached skill level 4 in Long Blades
  1390 | D:2      | Found an ancient bone altar of Kikubaaqudgha.
  1520 | D:2      | Found a glowing golden altar of the Shining One.
  1698 | D:3      | HP: 1/28 [worm (6)]
  2068 | D:3      | HP: 1/28 [gnoll/flail (9)]
  2400 | D:3      | Reached XP level 5. HP: 22/32 MP: 5/5
  2644 | D:3      | Reached skill level 5 in Long Blades
  2719 | D:3      | Noticed an ogre
  2734 | D:3      | Mangled by an ogre

Skill      XL: |  1  2  3  4  5 |
---------------+----------------+-----
Long Blades    | 2 3 4 5 |  5.0
Fighting       | |  3.2
Armour         | |  3.2
Shields        | |  3.2

Action                   |  1- 3 |  4- 6 || total
-------------------------+-------+-------++-------
Melee: Long sword        |   101 |   136 ||   237
Throw: Tomahawk          |       |     3 ||     3
  Use: Scroll            |       |     8 ||     8
       Potion            |       |     2 ||     2
  Eat: Chunk             |     1 |     4 ||     5
       Fruit             |       |     1 ||     1
Armor: Scale mail        |    28 |       ||    28
       Leather armour    |     9 |    52 ||    61
Dodge: Dodged            |    37 |    38 ||    75
Block: Shield            |    53 |    72 ||   125
       Rpst.: Long sword |    12 |    10 ||    22
